 Dungeon Crawl Stone Soup version 0.28.0-43-g3370ac3207 (webtiles) character file.

Game seed: 16338655999908374676

330 pkoi the Insei (level 6, -1/53 HPs)
             Began as a Draconian Monk on Mar 18, 2022.
             Slain by an ogre
             ... wielding a +0 giant spiked club
              (28 damage)
             ... on level 5 of the Dungeon.
             The game lasted 00:05:12 (5546 turns).

pkoi the Insei (Draconian Monk)                     Turns: 5546, Time: 00:05:13

Health: -1/53      AC:  7    Str: 10 (13) XL:     6   Next: 26%
Magic:  6/6        EV: 13    Int: 10 (13) God:
Gold:   171        SH:  0    Dex: 11 (13) Spells: 5/5 levels left

rFire   . . .      SeeInvis .     - Unarmed
rCold   . . .      Faith    .   (no shield)
rNeg    . . .      Spirit   .   (armour unavailable)
rPois   .          Reflect  .   (helmet restricted)
rElec   .          Harm     .   h - +0 cloak
rCorr   .          Rampage  .   (no gloves)
Will    .....                   (no boots)
Stlth   ++........              c - amulet of the acrobat
HPRegen 0.17/turn               (no ring)
MPRegen 0.10/turn               (no ring)

@: no status effects
A: AC +6, unfitting armour, cold-blooded
a: no special abilities


You were on level 5 of the Dungeon.
You visited 1 branch of the dungeon, and saw 5 of its levels.

You collected 171 gold pieces.

Inventory:

Hand Weapons
 f - a +1 short sword
Missiles
 i - 2 javelins (quivered)
Armour
 h - a +0 cloak (worn)
Jewellery
 c - an amulet of the acrobat (around neck)
Scrolls
 b - a scroll of immolation
Potions
 d - a potion of mutation


   Skills:
 + Level 4.6 Fighting
 + Level 3.8 Dodging
 - Level 1.7 Stealth
 * Level 5.7 Unarmed Combat


You had 5 spell levels left.
You didn't know any spells.
Your spell library was empty.

Dungeon Overview and Level Annotations

Branches:
Dungeon (5/15)
 Temple: D:4-7

Altars:
Makhleb
Ru
Vehumet
Zin

Shops:
D:4 :   D:5 *


Innate Abilities, Weirdness & Mutations

Your plain brown scales are hard. (AC +6)
You cannot fit into any form of body armour.
You are cold-blooded and may be slowed by cold attacks.


Message History

You hit the orc.
The orc is moderately wounded.
You barely miss the orc.
The orc is moderately wounded.
The orc hits you with a +0 trident!
You are too injured to fight recklessly!
You are too injured to fight recklessly!
You are too injured to fight recklessly!
You are too injured to fight recklessly!
You are too injured to fight recklessly!
You are too injured to fight recklessly!
You are too injured to fight recklessly!
You hit the orc.
You kill the orc!
Things that are here:
a +0 trident; an orc corpse You start resting.
HP restored.
You see here the +2 leather armour "Voiha" {+Inv rF- Dex+2}.
You now have 171 gold pieces (gained 2).
An ogre comes into view. It is wielding a +0 giant spiked club.
Found 9 gold pieces.
The ogre shouts!
The ogre moves out of view.
An ogre is nearby!
You barely miss the ogre. You tail-slap the ogre.
The ogre is lightly wounded.
You hit the ogre.
The ogre is moderately wounded.
The ogre hits you with a +0 giant spiked club!
* * * LOW HITPOINT WARNING * * *
You hit the ogre but do no damage.
The ogre is lightly wounded.
The ogre hits you with a +0 giant spiked club!
* * * LOW HITPOINT WARNING * * *
You hit the ogre. You tail-slap the ogre. You punch the ogre, but do no damage.
The ogre is heavily wounded.
The ogre hits you with a +0 giant spiked club!!
Ouch! That really hurt!
You die...

#.###.##.............#
............###.####.#
....###########.####.####
#.#.# #..............
#.#.# #..#..#.##.###
#.(.# #. #..#.##.# ... #
#.......# # ...#
#..#.##.##...# ...#
#....O@....#.# ...#
#....$..#### # .........#
#......... ..........+
..#.......# . #.....###
......#


You could see an ogre.

Vanquished Creatures
  2 iron imps (D:3)
  An orc priest (D:5)
  2 hounds
  An iguana (D:4)
  A hound skeleton (D:4)
  5 adders
  An ufetubus (D:3)
  5 worms
  9 orcs (D:5)
  2 ball pythons
  4 bats
  6 endoplasms
  3 giant cockroaches
  7 goblins
  4 hobgoblins
  6 jackals
  A quokka (D:4)
  3 frilled lizards
  5 kobolds
  3 rats
71 creatures vanquished.

Vanquished Creatures (others)
  A water moccasin (D:4)
1 creature vanquished.

Grand Total: 72 creatures vanquished

Notes
Turn   | Place    | Note
-------+----------+-------------------------------------------
     0 | D:1      | pkoi the Draconian Monk began the quest for the Orb.
     0 | D:1      | Reached XP level 1. HP: 19/19 MP: 1/1
   563 | D:1      | Reached XP level 2. HP: 26/26 MP: 2/2
  1112 | D:2      | Found a faded altar of an unknown god.
  1489 | D:2      | Reached skill level 4 in Unarmed Combat
  1498 | D:2      | Reached XP level 3. HP: 24/31 MP: 3/3
  2221 | D:3      | Found a burning altar of Makhleb.
  2258 | D:3      | Reached XP level 4. HP: 25/40 MP: 4/4
  2543 | D:3      | Found a glowing silver altar of Zin.
  2811 | D:3      | Found a sacrificial altar of Ru.
  2879 | D:3      | Reached XP level 5. HP: 28/46 MP: 5/5
  3139 | D:4      | Found Nigoquwu's Book Shop.
  3586 | D:4      | Reached skill level 5 in Unarmed Combat
  3687 | D:4      | Found a radiant altar of Vehumet.
  4678 | D:5      | Entered Level 5 of the Dungeon
  4678 | D:5      | Noticed a water moccasin
  4678 | D:5      | Found Ilypem's General Store.
  4918 | D:4      | Killed a water moccasin
  5273 | D:5      | Reached XP level 6. HP: 43/53 MP: 6/6
  5520 | D:5      | Identified the +2 leather armour "Voiha" {+Inv rF- Dex+2}
  5546 | D:5      | Slain by an ogre

Illustrated notes

Levels and vault maps discovered:
D:1:      lemuel_arrival_cross, layout_basic
D:2:      layout_rooms, hellmonk_ecumenical_altar_run_dry,
          minmay_fractal_squares_5
D:3:      layout_rooms, zin_statuary, demons_altar,
          nicolae_ru_the_path_less_chosen, feat_on_display
D:4:      layout_basic, fiery_altar_vehumet, serial_shops,
          nicolae_take_the_stairs, minivault_1
D:5:      layout_loops_cross, minmay_temple_entry_glassed_door, serial_shops,
          nicolae_stop_n_shop_1

Skill      XL: |  1  2  3  4  5 |
---------------+----------------+-----
Unarmed Combat | 4 5 |  5.7
Dodging        | 3 |  3.8
Fighting       | 4 |  4.6
Stealth        | |  1.7

Action                   |  1- 3 |  4- 6 || total
-------------------------+-------+-------++-------
Melee: Unarmed           |   127 |   206 ||   333
       Punch             |     6 |     8 ||    14
       Tailslap          |    22 |    28 ||    50
  Use: Potion            |     3 |     3 ||     6
       Scroll            |     3 |     7 ||    10
 Stab: Sleeping          |     3 |     2 ||     5
       Distracted        |     1 |     1 ||     2
Armor: Skin              |    19 |    64 ||    83
Dodge: Dodged            |    63 |   135 ||   198
